ESL (28 & UNDER)
RIO GRANDE RATTLESNAKE @ SPRINGFIELD SIMPSONS
08/13/2025
 
TOP OF THE 1ST
Rio Grande Rattlesnake batting - Pitching for Springfield Simpsons : RHP Don Wiggins
Pitching: RHP Don Wiggins
Batting: RHB Javier Rentería 0-0: Called Strike
0-1: Foul Ball, location: 2F
0-2: Ball
1-2: Ball
2-2: Foul Ball, location: 2F
2-2: Ball
3-2: Base on Balls
Batting: RHB Maresuke Yoshida 0-0: Ball
1-0: Swinging Strike
1-1: Called Strike
1-2: Ball
2-2: Strikes out swinging
Batting: SHB Carlos Reyes 0-0: Ball
1-0: SINGLE (Line Drive, 4M)
Javier Rentería to second
Batting: LHB Luis Villa 0-0: Called Strike
0-1: Ball
1-1: Foul Ball, location: 2F
1-2: Ball
2-2: Ball
3-2: Strikes out swinging
Batting: SHB Giancarlo Giannini 0-0: Called Strike
0-1: Ball
1-1: Called Strike
1-2: Strikes out looking
Top of the 1st over - 0 run(s), 1 hit(s), 0 error(s), 2 left on base; Rio Grande 0 - Springfield 0
BOTTOM OF THE 1ST
Springfield Simpsons batting - Pitching for Rio Grande Rattlesnake : RHP Alfonso Luna
Pitching: RHP Alfonso Luna
Batting: RHB António López 0-0: Ball
1-0: Swinging Strike
1-1: Called Strike
1-2: Strikes out swinging
Batting: RHB Brant Sherman 0-0: SINGLE (Groundball, 56D)
Batting: LHB José González 0-0: Ball
Brant Sherman steals 2nd base
1-0: Foul Ball, location: 2F
1-1: Foul Ball, location: 2F
1-2: Ball
2-2: Ground out 4-3 (Groundball, 13)
Brant Sherman to third
Batting: RHB Alfredo López 0-0: Fly out, F9 (Flyball, 9D)
Bottom of the 1st over - 0 run(s), 1 hit(s), 0 error(s), 1 left on base; Rio Grande 0 - Springfield 0
TOP OF THE 2ND
Rio Grande Rattlesnake batting - Pitching for Springfield Simpsons : RHP Don Wiggins
Batting: RHB Paul Martin 0-0: Foul Ball, location: 2F
0-1: Ball
1-1: Swinging Strike
1-2: Ground out 5-3 (Groundball, 5)
Batting: RHB Christian Hudson 0-0: Called Strike
0-1: Ball
1-1: Ball
2-1: Foul Ball, location: 2F
2-2: Fly out, F9 (Line Drive, 9S)
Batting: RHB Luis Ibarra 0-0: Ball
1-0: Foul Ball, location: 2F
1-1: Ball
2-1: Ball
3-1: Called Strike
3-2: Base on Balls
Batting: RHB Gary Thomas 0-0: Ball
1-0: Foul Ball, location: 2F
1-1: Foul Ball, location: 2F
1-2: Ball
Luis Ibarra steals 2nd base
2-2: Strikes out swinging
Top of the 2nd over - 0 run(s), 0 hit(s), 0 error(s), 1 left on base; Rio Grande 0 - Springfield 0
BOTTOM OF THE 2ND
Springfield Simpsons batting - Pitching for Rio Grande Rattlesnake : RHP Alfonso Luna
Batting: RHB Ángel Garza 0-0: Foul Ball, location: 2F
0-1: Ground out 1-3 (Groundball, 13)
Batting: SHB Jorge García 0-0: Called Strike
0-1: Foul Ball, location: 2F
0-2: Foul Ball, location: 2F
0-2: Ball
1-2: Ball
2-2: Foul Ball, location: 2F
2-2: Foul Ball, location: 2F
2-2: Ball
3-2: Strikes out swinging
Batting: LHB Pedro Cerda 0-0: Fly out, F8 (Flyball, 8LXD)
Bottom of the 2nd over - 0 run(s), 0 hit(s), 0 error(s), 0 left on base; Rio Grande 0 - Springfield 0
TOP OF THE 3RD
Rio Grande Rattlesnake batting - Pitching for Springfield Simpsons : RHP Don Wiggins
Batting: RHB Javier Rentería 0-0: Called Strike
0-1: Ground out 6-3 (Groundball, 56)
Batting: RHB Maresuke Yoshida 0-0: Ball
1-0: Ball
2-0: Ball
3-0: Called Strike
3-1: Called Strike
3-2: Foul Ball, location: 2F
3-2: Ground out 6-3 (Groundball, 56)
Batting: SHB Carlos Reyes 0-0: Ball
1-0: Ball
2-0: Called Strike
2-1: Ball
3-1: Called Strike
3-2: Foul Ball, location: 2F
3-2: Ground out U3 (Groundball, 3S)
Top of the 3rd over - 0 run(s), 0 hit(s), 0 error(s), 0 left on base; Rio Grande 0 - Springfield 0
BOTTOM OF THE 3RD
Springfield Simpsons batting - Pitching for Rio Grande Rattlesnake : RHP Alfonso Luna
Batting: SHB Edgardo Osorio 0-0: Ball
1-0: Called Strike
1-1: Foul Ball, location: 2F
1-2: Ball
2-2: Strikes out swinging
Batting: RHB Valentín Ramírez 0-0: Ground out 5-3 (Groundball, 5)
Batting: RHB António López 0-0: Ball
1-0: Ball
2-0: Called Strike
2-1: Swinging Strike
2-2: Foul Ball, location: 2F
2-2: Foul Ball, location: 2F
2-2: Foul Ball, location: 2F
2-2: Ball
3-2: Base on Balls
Batting: RHB Brant Sherman 0-0: Ball
1-0: Called Strike
António López steals 2nd base
1-1: Ball
2-1: Ball
3-1: Foul Ball, location: 2F
3-2: Foul Ball, location: 2F
3-2: SINGLE (Groundball, 34S)
António López to third
António López scores
Batting: LHB José González 0-0: Ball
Brant Sherman is caught stealing 2nd base
Bottom of the 3rd over - 1 run(s), 1 hit(s), 0 error(s), 0 left on base; Rio Grande 0 - Springfield 1
TOP OF THE 4TH
Rio Grande Rattlesnake batting - Pitching for Springfield Simpsons : RHP Don Wiggins
Batting: LHB Luis Villa 0-0: Foul Ball, location: 2F
0-1: Ball
1-1: Foul Ball, location: 2F
1-2: Ball
2-2: Ground out 1-3 (Groundball, 13)
Batting: SHB Giancarlo Giannini 0-0: Swinging Strike
0-1: Ball
1-1: Swinging Strike
1-2: Ball
2-2: Ball
3-2: SINGLE (Groundball, 4M)
Batting: RHB Paul Martin 0-0: Ball
1-0: Ball
2-0: Swinging Strike
2-1: Foul Ball, location: 2F
2-2: SINGLE (Groundball, 56D)
Giancarlo Giannini to second
Giancarlo Giannini to third
Batting: RHB Christian Hudson 0-0: Ball
1-0: Ball
2-0: Called Strike
2-1: Foul Ball, location: 2F
2-2: 3-RUN HOME RUN (Flyball, 8LXD), Distance : 436 ft
Batting: RHB Luis Ibarra 0-0: SINGLE (Groundball, 56D)
Batting: RHB Gary Thomas 0-0: Ball
1-0: Ground out 6-3 (Groundball, 56S)
Luis Ibarra to second
Batting: RHB Javier Rentería 0-0: Called Strike
0-1: Ball
1-1: Called Strike
1-2: Ball
2-2: SINGLE (Line Drive, 56D)
Luis Ibarra to third
Runner from 3rd tries for Home, SAFE, no throw or cutoff
Batting: RHB Maresuke Yoshida 0-0: Ball
Javier Rentería is caught stealing 2nd base
Top of the 4th over - 4 run(s), 5 hit(s), 0 error(s), 0 left on base; Rio Grande 4 - Springfield 1
BOTTOM OF THE 4TH
Springfield Simpsons batting - Pitching for Rio Grande Rattlesnake : RHP Alfonso Luna
Batting: LHB José González 0-0: Ball
1-0: Foul Ball, location: 2F
1-1: Ball
2-1: Ball
3-1: Foul Ball, location: 2F
3-2: Base on Balls
Batting: RHB Alfredo López 0-0: Ball
1-0: Ball
2-0: Called Strike
2-1: Foul Ball, location: 2F
2-2: Ball
3-2: Fly out, F9 (Flyball, 89M)
Batting: RHB Ángel Garza 0-0: Grounds into double play, 5-4-3 (Groundball, 56)
Bottom of the 4th over - 0 run(s), 0 hit(s), 0 error(s), 0 left on base; Rio Grande 4 - Springfield 1
TOP OF THE 5TH
Rio Grande Rattlesnake batting - Pitching for Springfield Simpsons : RHP Don Wiggins
Batting: RHB Maresuke Yoshida 0-0: Swinging Strike
0-1: Ball
1-1: Foul Ball, location: 2F
1-2: Strikes out swinging
Batting: SHB Carlos Reyes 0-0: Called Strike
0-1: Foul Ball, location: 2F
0-2: Ball
1-2: Foul Ball, location: 2F
1-2: Ball
2-2: Fly out, F8 (Line Drive, 78D)
Batting: LHB Luis Villa 0-0: Ball
1-0: Ball
2-0: SINGLE (Groundball, 13S) (infield hit)
Pitching: RHP Dave Adams
Batting: SHB Giancarlo Giannini 0-0: Ball
1-0: Ball
2-0: Called Strike
2-1: Called Strike
2-2: Strikes out swinging
Top of the 5th over - 0 run(s), 1 hit(s), 0 error(s), 1 left on base; Rio Grande 4 - Springfield 1
BOTTOM OF THE 5TH
Springfield Simpsons batting - Pitching for Rio Grande Rattlesnake : RHP Alfonso Luna
Batting: SHB Jorge García 0-0: Ball
1-0: Ball
2-0: Called Strike
2-1: Ball
3-1: SINGLE (Line Drive, 4MD)
Batting: LHB Pedro Cerda 0-0: Called Strike
0-1: Ball
1-1: Foul Ball, location: 2F
1-2: SINGLE (Groundball, 4MD)
Jorge García to second
Runner from 2nd tries for 3rd, OUT after rundown.
Batting: SHB Edgardo Osorio 0-0: Called Strike
0-1: Fly out, F8 (Flyball, 89M)
Batting: RHB Valentín Ramírez 0-0: Fly out, F9 (Flyball, 9S)
Bottom of the 5th over - 0 run(s), 2 hit(s), 0 error(s), 1 left on base; Rio Grande 4 - Springfield 1
TOP OF THE 6TH
Rio Grande Rattlesnake batting - Pitching for Springfield Simpsons : RHP Dave Adams
Batting: RHB Paul Martin 0-0: SINGLE (Line Drive, 8LS)
Batting: RHB Christian Hudson 0-0: Ball
1-0: Foul Ball, location: 2F
1-1: Swinging Strike
1-2: Ball
2-2: Reached on error, E6 (Groundball, 6)
Paul Martin to second
Batting: RHB Luis Ibarra 0-0: Called Strike
0-1: Called Strike
0-2: Ball
1-2: Strikes out swinging
Batting: RHB Gary Thomas 0-0: Ball
1-0: Swinging Strike
1-1: Ball
2-1: Called Strike
2-2: Strikes out swinging
Batting: RHB Javier Rentería 0-0: Called Strike
0-1: Ball
1-1: Called Strike
1-2: Foul Ball, location: 2F
1-2: Ball
2-2: Ball
3-2: Strikes out looking
Top of the 6th over - 0 run(s), 1 hit(s), 1 error(s), 2 left on base; Rio Grande 4 - Springfield 1
BOTTOM OF THE 6TH
Springfield Simpsons batting - Pitching for Rio Grande Rattlesnake : RHP Alfonso Luna
Batting: RHB António López 0-0: Ball
1-0: Ball
2-0: Called Strike
2-1: SINGLE (Line Drive, 56D)
Batting: RHB Brant Sherman 0-0: Ball
1-0: Ball
2-0: Grounds into double play, 5-4-3 (Groundball, 56)
Batting: LHB José González 0-0: Ball
1-0: Called Strike
1-1: Ball
2-1: Ball
3-1: Swinging Strike
3-2: Foul Ball, location: 2F
3-2: Foul Ball, location: 2F
3-2: Foul Ball, location: 2F
3-2: Base on Balls
Batting: RHB Alfredo López 0-0: Ball
1-0: Ground out 5-3 (Groundball, 56S)
Bottom of the 6th over - 0 run(s), 1 hit(s), 0 error(s), 1 left on base; Rio Grande 4 - Springfield 1
TOP OF THE 7TH
Rio Grande Rattlesnake batting - Pitching for Springfield Simpsons : RHP Dave Adams
Batting: RHB Maresuke Yoshida 0-0: Called Strike
0-1: Called Strike
0-2: Strikes out swinging
Batting: SHB Carlos Reyes 0-0: Called Strike
0-1: Foul Ball, location: 2F
0-2: Ball
1-2: SINGLE (Flyball, 7S)
Batting: LHB Luis Villa 0-0: SINGLE (Groundball, 25) (infield hit)
Carlos Reyes to second
Batting: SHB Giancarlo Giannini 0-0: Ground out U3 (Groundball, 3S)
Carlos Reyes to third
Luis Villa to second
Batting: RHB Paul Martin 0-0: Called Strike
0-1: 3-RUN HOME RUN (Flyball, 7LD), Distance : 369 ft
Batting: RHB Christian Hudson 0-0: Called Strike
0-1: Ball
1-1: Ball
2-1: Foul Ball, location: 2F
2-2: Strikes out swinging
Top of the 7th over - 3 run(s), 3 hit(s), 0 error(s), 0 left on base; Rio Grande 7 - Springfield 1
BOTTOM OF THE 7TH
Springfield Simpsons batting - Pitching for Rio Grande Rattlesnake : RHP Alfonso Luna
Batting: RHB Ángel Garza 0-0: Ball
1-0: Ball
2-0: Foul Ball, location: 2F
2-1: Fly out, F8 (Popup, 8RS)
Batting: SHB Jorge García 0-0: Ball
1-0: Ball
2-0: Foul Ball, location: 2F
2-1: Foul Ball, location: 2F
2-2: Ball
3-2: Base on Balls
Pitching: RHP Tom Hudson
Batting: LHB Pedro Cerda 0-0: Called Strike
0-1: Ball
1-1: SINGLE (Groundball, 34D) (infield hit)
Jorge García to second
Batting: SHB Edgardo Osorio 0-0: Ball
1-0: Ball
2-0: Ball
3-0: Base on Balls
Jorge García to third
Pedro Cerda to second
Batting: RHB Valentín Ramírez 0-0: DOUBLE (Flyball, 78XD)
Jorge García scores
Pedro Cerda scores
Edgardo Osorio to third
Runner from 3rd tries for Home, SAFE, no throw or cutoff
Batting: RHB António López 0-0: Called Strike
0-1: Swinging Strike
0-2: Ground out 2-3 (Groundball, 2R)
Valentín Ramírez to third
Batting: RHB Brant Sherman 0-0: Called Strike
0-1: Ball
1-1: Ball
2-1: Foul Ball, location: 2F
2-2: Ground out 5-3 (Groundball, 56S)
Bottom of the 7th over - 3 run(s), 2 hit(s), 0 error(s), 1 left on base; Rio Grande 7 - Springfield 4
TOP OF THE 8TH
Rio Grande Rattlesnake batting - Pitching for Springfield Simpsons : RHP Dave Adams
Pitching: RHP Ryan Klein
Batting: RHB Luis Ibarra 0-0: Ball
1-0: Fly out, F9 (Flyball, 89M)
Batting: RHB Gary Thomas 0-0: Called Strike
0-1: Ground out 6-3 (Groundball, 6M)
Batting: RHB Javier Rentería 0-0: Ball
1-0: Ball
2-0: SINGLE (Line Drive, 8LS)
Batting: RHB Maresuke Yoshida 0-0: Called Strike
0-1: Called Strike
0-2: Ball
1-2: Fielders Choice at 2nd, U6 (Groundball, 6M)
Top of the 8th over - 0 run(s), 1 hit(s), 0 error(s), 1 left on base; Rio Grande 7 - Springfield 4
BOTTOM OF THE 8TH
Springfield Simpsons batting - Pitching for Rio Grande Rattlesnake : RHP Tom Hudson
Batting: LHB José González 0-0: Called Strike
0-1: Ground out 4-3 (Groundball, 34)
Batting: RHB Alfredo López 0-0: Called Strike
0-1: Ball
1-1: Swinging Strike
1-2: Foul Ball, location: 2F
1-2: Ball
2-2: Strikes out swinging
Batting: RHB Ángel Garza 0-0: Ball
1-0: Ball
2-0: Ball
3-0: Base on Balls
Pitching: RHP Adrián Mora
Batting: SHB Jorge García 0-0: Ball
1-0: Foul Ball, location: 2F
1-1: Ball
2-1: Foul Ball, location: 2F
2-2: Foul Ball, location: 2F
2-2: Fly out, F7 (Flyball, 7S)
Bottom of the 8th over - 0 run(s), 0 hit(s), 0 error(s), 1 left on base; Rio Grande 7 - Springfield 4
TOP OF THE 9TH
Rio Grande Rattlesnake batting - Pitching for Springfield Simpsons : RHP Ryan Klein
Batting: SHB Carlos Reyes 0-0: Ball
1-0: Foul Ball, location: 2F
1-1: Ball
2-1: Called Strike
2-2: Foul Ball, location: 2F
2-2: Foul Ball, location: 2F
2-2: Foul Ball, location: 2F
2-2: Ball
3-2: Foul Ball, location: 2F
3-2: Base on Balls
Batting: LHB Luis Villa 0-0: Called Strike
0-1: Ball
1-1: Foul Ball, location: 2F
1-2: Ball
2-2: Strikes out swinging
Batting: SHB Giancarlo Giannini 0-0: Ball
1-0: Ball
2-0: Ball
3-0: Base on Balls
Carlos Reyes to second
Batting: RHB Paul Martin 0-0: Ball
1-0: Ball
2-0: Grounds into double play, 3-6-1 (Groundball, 3)
Top of the 9th over - 0 run(s), 0 hit(s), 0 error(s), 1 left on base; Rio Grande 7 - Springfield 4
BOTTOM OF THE 9TH
Springfield Simpsons batting - Pitching for Rio Grande Rattlesnake : LHP Enrico Lozano
Pitching: LHP Enrico Lozano
Batting: LHB Pedro Cerda 0-0: Ball
1-0: Called Strike
1-1: Swinging Strike
1-2: Ball
2-2: Ball
3-2: Strikes out swinging
Pitching: RHP Bryce Davis
Batting: SHB Edgardo Osorio 0-0: Called Strike
0-1: Ball
1-1: Foul Ball, location: 2F
1-2: SINGLE (Groundball, 4M)
Batting: RHB Valentín Ramírez 0-0: Called Strike
0-1: Reached on error, E5 (Groundball, 56S)
Edgardo Osorio to second
Batting: RHB António López 0-0: Ball
1-0: Called Strike
1-1: Called Strike
1-2: Fly out, F7 (Line Drive, 78S)
Batting: RHB Brant Sherman 0-0: Ball
1-0: Called Strike
1-1: Ball
2-1: DOUBLE (Flyball, 9LD)
Edgardo Osorio scores
Valentín Ramírez to third
Batting: LHB José González 0-0: Called Strike
0-1: Ground out 1-3 (Groundball, 15)
Bottom of the 9th over - 1 run(s), 2 hit(s), 1 error(s), 2 left on base; Rio Grande 7 - Springfield 5
This league is powered by Out of the Park Baseball, the baseball management simulation game for PC, Mac and Linux
Tuesday, August 2nd, 2016 - OOTP Baseball 16.8 Build 38